Map: Ephemeron LE

Players

Simmen

  • Race: Zerg Zerg
  • League: Master
  • Spawn Location: 11:00

&lt;iRCi&gt;<sp/>EliteRolox - Winner!

  • Race: Zerg Zerg
  • Spawn Location: 5:00

EliteRolox

  • Race: Zerg Zerg
  • League: Silver

VOD

Have the link to the VOD?

Description

Time

  • Played on: Jan. 28, 2020, 6:05 a.m.
  • Length: 6:54
Show
View Real Time Build Order
Export as new Build Order

Simmen Zerg 

Build Orders: Hatch First 

Get SALT Encoding   

  12  0:01  Drone  
  13  0:13  Overlord  
  13  0:17  Drone  
  14  0:31  Drone x2  
  16  0:50  Hatchery  
  16  0:53  Drone  
  16  0:57  Drone  
  17  1:12  Spawning Pool  
  17  1:15  Drone  
  17  1:18  Drone  
  18  1:22  Drone  
  19  1:28  Drone  
  20  1:36  Extractor  
  19  1:42  Drone  
  20  1:50  Overlord  
  20  2:00  Queen  
  22  2:03  Queen  
  22  2:04  Zergling x4  
  26  2:12  Drone  
  26  2:13  Drone  
  28  2:22  Drone  
  29  2:23  Drone  
  30  2:34  Overlord  
  30  2:35  Drone  
  31  2:40  Lair  
  31  2:42  Queen  
  31  2:44  Drone  
  34  2:50  Drone  
  35  2:55  Drone  
  35  2:57  Drone  
  37  3:06  Evolution Chamber  
  37  3:08  Evolution Chamber  
  37  3:09  Roach Warren  
  34  3:13  Drone  
  34  3:15  Extractor  
  34  3:18  Extractor  
  32  3:21  Overlord  
  32  3:24  Drone  
  32  3:25  Drone x3  
  32  3:26  Drone  
  37  3:28  Drone  
  38  3:34  Zerg Missile Weapons Level 1  
  38  3:37  Drone  
  39  3:47  Overlord  
  39  3:48  Overlord  
  39  3:49  Glial Reconstitution  
  39  4:08  Overlord  
  39  4:10  Roach x4  
  39  4:13  Roach  
  39  4:16  Roach  
  51  4:19  Roach  
  51  4:22  Roach  
  55  4:25  Roach  
  55  4:29  Roach  
  59  4:33  Roach  
  61  4:39  Roach x2  
  61  4:42  Roach  
  67  4:46  Roach  
  67  4:51  Roach  
  71  4:57  Roach x2  
  75  5:01  Overlord  
  75  5:12  Overlord  
  75  5:19  Roach x2  
  75  5:20  Roach x2  
  83  5:23  Overlord  
  83  5:31  Roach x2  
  84  5:45  Roach x4  
  88  6:06  Roach x6  
  88  6:10  Overlord  
  98  6:13  Ravager  
  99  6:28  Roach  
  99  6:29  Roach, Overlord x2  
  99  6:31  Roach  
Show
View Real Time Build Order
Export as new Build Order

&lt;iRCi&gt;<sp/>EliteRolox Zerg - Winner!

Build Orders: Pool First 

Get SALT Encoding   

  12  0:00  Drone  
  13  0:12  Overlord  
  13  0:16  Drone  
  14  0:30  Drone x2  
  16  0:42  Spawning Pool  
  15  0:44  Drone  
  15  0:48  Drone  
  17  1:12  Hatchery  
  17  1:13  Drone  
  17  1:16  Extractor  
  16  1:19  Drone  
  16  1:22  Drone  
  18  1:27  Drone  
  19  1:38  Overlord  
  19  1:49  Drone, Queen  
  22  1:59  Zergling x2  
  23  2:10  Drone  
  24  2:21  Drone  
  25  2:24  Queen  
  25  2:25  Roach Warren  
  25  2:27  Extractor  
  25  2:32  Drone  
  25  2:36  Drone  
  27  2:43  Overlord  
  27  2:47  Drone  
  27  2:49  Drone  
  29  2:53  Drone  
  29  2:55  Drone  
  31  2:59  Drone  
  31  3:02  Zergling x2  
  33  3:06  Zergling x2  
  33  3:10  Roach  
  36  3:14  Roach  
  36  3:18  Roach  
  40  3:21  Roach  
  40  3:26  Drone  
  43  3:27  Drone  
  43  3:31  Overlord  
  44  3:38  Lair  
  44  3:43  Metabolic Boost  
  44  3:47  Overlord  
  44  3:50  Drone  
  44  3:52  Drone  
  44  3:55  Drone  
  47  3:57  Zergling x2  
  47  3:59  Zergling x2  
  47  4:02  Zergling x2  
  50  4:09  Evolution Chamber, Drone  
  50  4:13  Evolution Chamber  
  50  4:14  Drone  
  50  4:16  Drone  
  51  4:18  Drone  
  51  4:20  Drone  
  51  4:22  Drone  
  54  4:35  Zerg Missile Weapons Level 1  
  54  4:38  Zerg Ground Armor Level 1  
  54  4:39  Drone, Hydralisk Den  
  54  4:43  Overlord  
  54  4:46  Roach  
  54  4:48  Roach  
  58  5:03  Overlord  
  58  5:06  Extractor, Drone  
  58  5:07  Hydralisk x2  
  58  5:08  Drone  
  58  5:09  Hydralisk  
  58  5:10  Drone  
  58  5:12  Hydralisk  
  68  5:21  Drone x2, Overlord  
  70  5:22  Drone  
  70  5:25  Drone  
  70  5:27  Drone  
  70  5:28  Drone  
  74  5:32  Drone  
  74  5:34  Drone  
  76  5:38  Drone  
  76  5:39  Drone, Roach  
  76  5:41  Overlord  
  74  5:43  Zergling x2  
  74  5:45  Zergling x2  
  74  5:47  Roach  
  62  5:52  Roach  
  62  5:55  Roach  
  60  6:03  Zergling x2  
  53  6:05  Hydralisk  
  53  6:09  Zergling x2  
  50  6:15  Roach  
Show
View Real Time Build Order
Export as new Build Order

EliteRolox Zerg 

Build Orders:  

Get SALT Encoding   

Tags
 
Add a new tag
Caveats
  • Supply blocks, unpowered buildings, or Contaminate may cause inaccurate times.
  • Supply counts are checked every 10 seconds.